NEW YORK Rangers vs BOSTON Bruins

Created - 26 février 2024 at 23:15

Goals
1 2 3 OT1 SO T
NEW YORK Rangers 2 2 0 0 0 4
BOSTON Bruins 1 2 1 0 1 5
Shots
1 2 3 OT1 SO T
NEW YORK Rangers 8 11 10 2 4 31
BOSTON Bruins 8 12 16 1 4 37

1st period

1. NEW YORK Rangers , Mats Zuccarello 11 (Justin Faulk 21, Chris Kreider 14) at 2:48
2. NEW YORK Rangers , Jamie Benn 10 (Chris Kreider 15, Cam Fowler 18) at 8:47
3. BOSTON Bruins , Kirill Kaprizov 11 (Joel Eriksson Ek 13, Victor Hedman 20) at 10:59

Penalties :
Jamie Benn (NYR) for Tripping (Minor) at 4:16, Jared Spurgeon (NYR) for Slashing (Minor) at 11:45

2nd period

4. BOSTON Bruins , Blake Wheeler 3 (Tomas Hertl 9) at 1:44
5. BOSTON Bruins , Victor Hedman 5 (Adrian Kempe 12, Brad Marchand 18) at 2:38
6. NEW YORK Rangers , Conor Garland 8 (Jared Spurgeon 23) at 3:50
7. NEW YORK Rangers , Conor Garland 9 (Cam Fowler 19, Timo Meier 12) at 9:27

Penalties :
Jared Spurgeon (NYR) for Holding (Minor) at 4:25, Brad Marchand (BOS) for Hooking (Minor) at 9:31, Brad Marchand (BOS) for High sticking (Minor) at 19:01

3rd period

8. BOSTON Bruins , Frank Vatrano 4 (Shea Theodore 16, Joel Eriksson Ek 14) at 6:10

Penalties :
Conor Garland (NYR) for Hooking (Minor) at 9:22

Overtime #1

No Goal

Penalties :
No Penalty

Shootout

NEW YORK Rangers, Jamie Benn - Stopped by Tristan Jarry
BOSTON Bruins, Bo Horvat - Stopped by Linus Ullmark
NEW YORK Rangers, Chris Kreider - Stopped by Tristan Jarry
BOSTON Bruins, Adrian Kempe - Shot Misses the Net
NEW YORK Rangers, Timo Meier - Stopped by Tristan Jarry
BOSTON Bruins, Kirill Kaprizov - Shot Misses the Net
NEW YORK Rangers, Mats Zuccarello - Shot Misses the Net
BOSTON Bruins, Tomas Hertl - Goal!

Penalties :
No Penalty

Goalie Stats

Linus Ullmark (NYR), 33 saves from 37 shots - (0,892), OTL, 18-6-4, 65:00 minutes
Tristan Jarry (BOS), 27 saves from 31 shots - (0,871), W, 13-14-2, 65:00 minutes

Players Stats for NEW YORK Rangers

Player Name              G  A  P  +/- PIM S  H  SB GA TA FO     MP     PP MP  PK MP  
------------------------------------------------------------------------------------
Andrew Copp              0  0  0  -2  0   3  2  0  0  0  5/12   15:49   2:49   0:33 
Brayden Schenn           0  0  0   1  0   3  4  0  0  0  16/29  20:03   1:09   3:12 
Cam Fowler               0  2  2  -1  0   2  0  2  0  0  0/0    23:48   1:09   4:15 
Casey Cizikas            0  0  0   0  0   0  0  0  0  0  4/5     4:40   0:00   0:00 
Chris Kreider            0  2  2   1  0   4  0  0  0  0  2/3    27:59   2:49   4:53 
Conor Garland            2  0  2   1  2   6  0  0  0  0  0/1    15:17   0:00   0:00 
Dante Fabbro             0  0  0  -1  0   1  1  2  0  0  0/0    12:30   0:00   0:00 
Jacob Middleton          0  0  0  -1  0   0  3  2  0  0  0/0    14:11   0:00   1:41 
Jamie Benn               1  0  1   1  2   4  2  0  0  0  23/37  27:06   2:49   3:53 
Jared Spurgeon           0  1  1   2  4   1  0  2  0  0  0/0    24:36   2:49   1:51 
Justin Faulk             0  1  1   2  0   2  2  1  0  0  0/0    26:04   2:49   3:41 
Kasperi Kapanen          0  0  0  -2  0   0  0  0  0  0  0/2    11:14   1:09   0:00 
Kirill Marchenko         0  0  0  -2  0   1  0  0  0  0  0/0    10:05   0:00   0:00 
Mats Zuccarello          1  0  1   1  0   1  1  0  0  0  0/0    18:27   0:00   0:00 
Ryan Lomberg             0  0  0   0  0   0  2  0  0  0  0/0     4:40   0:00   0:00 
Timo Meier               0  1  1   1  0   1  2  0  0  0  1/2    18:57   1:09   2:30 
Tyler Myers              0  0  0  -1  0   1  4  2  0  0  0/0    23:49   1:09   4:24 
Vladislav Namestnikov    0  0  0   0  0   1  0  0  0  0  0/1     7:45   0:00   0:51 

Players Stats for BOSTON Bruins

Player Name              G  A  P  +/- PIM S  H  SB GA TA FO     MP     PP MP  PK MP  
------------------------------------------------------------------------------------
Adam Lowry               0  0  0   0  0   1  0  0  0  0  4/13   12:09   0:00   3:20 
Adrian Kempe             0  1  1  -1  0   1  1  0  0  0  1/4    20:26   3:16   0:00 
Andrew Peeke             0  0  0  -1  0   1  1  0  0  0  0/0    22:26   0:00   2:13 
Blake Wheeler            1  0  1   0  0   2  1  0  0  0  0/0     9:21   0:00   0:00 
Bo Horvat                0  0  0  -1  0   5  1  0  0  0  18/28  20:48   3:16   0:00 
Brad Hunt                0  0  0   1  0   0  0  1  0  0  0/0    11:59   0:00   0:00 
Brad Marchand            0  1  1  -1  4   4  4  0  0  0  0/1    21:05   3:16   0:00 
Frank Vatrano            1  0  1   1  0   4  2  0  0  0  0/2    22:25   4:40   0:51 
Jaycob Megna             0  0  0   1  0   0  3  1  0  0  0/0    12:40   0:00   0:00 
Joel Eriksson Ek         0  2  2   1  0   4  1  0  0  0  10/22  19:40   4:40   0:00 
Kirill Kaprizov          1  0  1   1  0   4  0  0  0  0  0/1    19:41   4:41   0:00 
Matt Dumba               0  0  0  -1  0   1  3  0  0  0  0/0    24:42   3:15   1:45 
Michael Pezzetta         0  0  0   0  0   0  1  0  0  0  0/0     6:35   0:00   0:00 
Nathan Walker            0  0  0   0  0   0  0  1  0  0  0/0    14:53   0:00   3:07 
Phil Kessel              0  0  0   0  0   1  0  0  0  0  0/0     6:35   0:00   0:00 
Shea Theodore            0  1  1   0  0   2  1  0  0  0  0/0    23:19   3:15   1:45 
Tomas Hertl              0  1  1   0  0   3  1  0  0  0  8/21   17:03   4:40   0:38 
Victor Hedman            1  1  2   0  0   4  4  2  0  0  0/0    25:13   4:41   2:13 

3 Stars

1 - Victor Hedman (BOS)
2 - Conor Garland (NYR)
3 - Frank Vatrano (BOS)

Power Play

NEW YORK Rangers - 0 on 2 Attempt(s) - 0,00%
BOSTON Bruins - 0 on 4 Attempt(s) - 0,00%

Penalty Kill

NEW YORK Rangers - 4 on 4 Attempt(s) - 100,00% - Score 0 goal in Penalty Kill
BOSTON Bruins - 2 on 2 Attempt(s) - 100,00% - Score 0 goal in Penalty Kill

Team Stat

NEW YORK Rangers - Hits : 23 - Faceoff Wins : 51 - Blocked Shots : 11 - Penalty Minutes : 8
BOSTON Bruins - Hits : 24 - Faceoff Wins : 41 - Blocked Shots : 5 - Penalty Minutes : 4

Official

Referees : Trevor Hanson and T.J. Luxmore
Linesman : Alexandra Clarke and Jessica Chartrand

Game Notes

No Game Note

Finance

Level 1 -- Attendance: 5349 (89,15%) -- Ticket Income $534,900
Level 2 -- Attendance: 4032 (80,64%) -- Ticket Income $241,920
Level 3 -- Attendance: 2000 (100,00%) -- Ticket Income $70,000
Level 4 -- Attendance: 4000 (100,00%) -- Ticket Income $80,000
Luxury Box -- Attendance: 811 (81,10%) -- Ticket Income $162,200
Game was played at the TD Garden.
Total Attendance: 16192 (89,96%)
Total Ticket Income: $1,089,020
Other Income: $272,255
Total Income: $1,361,275

NEW YORK Rangers

5 vs 5 Forward 
   Center                   Left Wing                Right Wing               Time % Phy DF OF 
 1 Jamie Benn               Chris Kreider            Mats Zuccarello          40     1   2  2  
 2 Brayden Schenn           Timo Meier               Conor Garland            30     1   2  2  
 3 Andrew Copp              Kasperi Kapanen          Kirill Marchenko         20     1   3  1  
 4 Casey Cizikas            Ryan Lomberg             Vladislav Namestnikov    10     3   2  0  

5 vs 5 Defense 
   Defense                  Defense                                           Time % Phy DF OF 
 1 Jared Spurgeon           Justin Faulk                                      40     0   3  2  
 2 Cam Fowler               Tyler Myers                                       33     1   3  1  
 3 Jacob Middleton          Dante Fabbro                                      26     2   2  1  
 4 Jared Spurgeon           Justin Faulk                                      1      1   2  2  

PowerPlay Forward 
   Center                   Left Wing                Right Wing               Time % Phy DF OF 
 1 Jamie Benn               Chris Kreider            Andrew Copp              60     1   2  2  
 2 Brayden Schenn           Timo Meier               Kasperi Kapanen          40     1   2  2  

PowerPlay Defense
   Defense                  Defense                                           Time % Phy DF OF 
 1 Jared Spurgeon           Justin Faulk                                      60     1   2  2  
 2 Cam Fowler               Tyler Myers                                       40     1   2  2  

Penalty Kill 4 Players Forward 
   Center                   Wing                     Time % Phy DF OF 
 1 Jamie Benn               Chris Kreider            60     1   2  2  
 2 Brayden Schenn           Timo Meier               40     1   2  2  

Penalty Kill 4 Players Defense
   Defense                  Defense                  Time % Phy DF OF 
 1 Jared Spurgeon           Justin Faulk             60     1   2  2  
 2 Cam Fowler               Tyler Myers              40     1   2  2  

Penalty Kill - 3 Players Forward 
   Forward                                           Time % Phy DF OF 
 1 Jamie Benn                                        60     1   2  2  
 2 Brayden Schenn                                    40     1   2  2  

Penalty Kill - 3 Players Defense
   Defense                  Defense                  Time % Phy DF OF 
 1 Jared Spurgeon           Justin Faulk             60     1   2  2  
 2 Cam Fowler               Tyler Myers              40     1   2  2  

4 vs 4 Forward 
   Center                   Wing                     Time % Phy DF OF 
 1 Jamie Benn               Chris Kreider            60     1   2  2  
 2 Brayden Schenn           Timo Meier               40     1   2  2  

4 vs 4 Defense
   Defense                  Defense                  Time % Phy DF OF 
 1 Jared Spurgeon           Justin Faulk             60     1   2  2  
 2 Cam Fowler               Tyler Myers              40     1   2  2  

Last Minutes Offensive
   Center                   Left Wing                Right Wing               Defense                  Defense                  
   Jamie Benn               Chris Kreider            Andrew Copp              Jared Spurgeon           Justin Faulk             

Last Minutes Defensive
   Center                   Left Wing                Right Wing               Defense                  Defense                  
   Jamie Benn               Chris Kreider            Andrew Copp              Jared Spurgeon           Justin Faulk             

Goaltenders
Starting : Linus Ullmark            
Backup : Eric Comrie              

Extra Forwards
Normal : Brayden Schenn, Andrew Copp, Conor Garland - PP : Brayden Schenn, Andrew Copp - PK : Brayden Schenn
Extra Defensemen
Normal : Tyler Myers, Jacob Middleton, Dante Fabbro - PP : Tyler Myers - PK : Tyler Myers, Jacob Middleton
Penalty Shots
Jamie Benn, Chris Kreider, Timo Meier, Mats Zuccarello, Brayden Schenn

Scratches
Mason Shaw (Healthy)

BOSTON Bruins

5 vs 5 Forward 
   Center                   Left Wing                Right Wing               Time % Phy DF OF 
 1 Bo Horvat                Brad Marchand            Adrian Kempe             38     1   2  2  
 2 Joel Eriksson Ek         Kirill Kaprizov          Frank Vatrano            34     1   2  2  
 3 Tomas Hertl              Nathan Walker            Blake Wheeler            20     1   2  2  
 4 Adam Lowry               Michael Pezzetta         Phil Kessel              8      1   2  2  

5 vs 5 Defense 
   Defense                  Defense                                           Time % Phy DF OF 
 1 Victor Hedman            Shea Theodore                                     43     1   2  2  
 2 Andrew Peeke             Matt Dumba                                        41     1   3  1  
 3 Jaycob Megna             Brad Hunt                                         16     2   2  1  
 4 Victor Hedman            Shea Theodore                                     0      1   2  2  

PowerPlay Forward 
   Center                   Left Wing                Right Wing               Time % Phy DF OF 
 1 Bo Horvat                Brad Marchand            Adrian Kempe             60     1   2  2  
 2 Tomas Hertl              Joel Eriksson Ek         Frank Vatrano            40     1   2  2  

PowerPlay Defense
   Defense                  Defense                                           Time % Phy DF OF 
 1 Victor Hedman            Kirill Kaprizov                                   60     1   2  2  
 2 Matt Dumba               Shea Theodore                                     40     1   2  2  

Penalty Kill 4 Players Forward 
   Center                   Wing                     Time % Phy DF OF 
 1 Adam Lowry               Brad Marchand            60     1   2  2  
 2 Joel Eriksson Ek         Andrew Peeke             40     1   2  2  

Penalty Kill 4 Players Defense
   Defense                  Defense                  Time % Phy DF OF 
 1 Victor Hedman            Andrew Peeke             60     1   2  2  
 2 Matt Dumba               Shea Theodore            40     1   2  2  

Penalty Kill - 3 Players Forward 
   Forward                                           Time % Phy DF OF 
 1 Adam Lowry                                        60     1   2  2  
 2 Joel Eriksson Ek                                  40     1   2  2  

Penalty Kill - 3 Players Defense
   Defense                  Defense                  Time % Phy DF OF 
 1 Victor Hedman            Andrew Peeke             60     1   2  2  
 2 Matt Dumba               Shea Theodore            40     1   2  2  

4 vs 4 Forward 
   Center                   Wing                     Time % Phy DF OF 
 1 Bo Horvat                Brad Marchand            60     1   2  2  
 2 Joel Eriksson Ek         Adrian Kempe             40     1   2  2  

4 vs 4 Defense
   Defense                  Defense                  Time % Phy DF OF 
 1 Victor Hedman            Shea Theodore            60     1   2  2  
 2 Andrew Peeke             Matt Dumba               40     1   2  2  

Last Minutes Offensive
   Center                   Left Wing                Right Wing               Defense                  Defense                  
   Bo Horvat                Kirill Kaprizov          Andrew Peeke             Victor Hedman            Shea Theodore            

Last Minutes Defensive
   Center                   Left Wing                Right Wing               Defense                  Defense                  
   Bo Horvat                Brad Marchand            Adrian Kempe             Victor Hedman            Andrew Peeke             

Goaltenders
Starting : Tristan Jarry            
Backup : Casey DeSmith            

Extra Forwards
Normal : Kirill Kaprizov, Tomas Hertl, Brad Marchand - PP : Kirill Kaprizov, Tomas Hertl - PK : Adam Lowry
Extra Defensemen
Normal : Victor Hedman, Shea Theodore, Matt Dumba - PP : Victor Hedman - PK : Andrew Peeke, Victor Hedman
Penalty Shots
Bo Horvat, Adrian Kempe, Kirill Kaprizov, Tomas Hertl, Brad Marchand

Scratches
None


% Time on Ice - NEW YORK Rangers

Lines # - Real PCT - Wanted PCT - Time Play
Normal Forward
1 - 38% - 40% - 18:03
2 - 32% - 30% - 15:18
3 - 21% - 20% - 10:05
4 - 10% - 10% - 4:40
Normal Defense
1 - 41% - 40% - 19:34
2 - 33% - 33% - 16:02
3 - 26% - 26% - 12:30
4 - 0% - 1% - 0:00
PP Forward
1 - 71% - 60% - 2:49
2 - 29% - 40% - 1:09
PP Defense
1 - 71% - 60% - 2:49
2 - 29% - 40% - 1:09
PK Forward
1 - 68% - 60% - 5:26
2 - 32% - 40% - 2:30
PK Defense
1 - 54% - 60% - 4:15
2 - 46% - 40% - 3:41
PK3 Forward
1 - 0% - 60%
2 - 0% - 40%
PK3 Defense
1 - 0% - 60%
2 - 0% - 40%
44 Forward
1 - 0% - 60%
2 - 0% - 40%
44 Defense
1 - 0% - 60%
2 - 0% - 40%
Last Minute Offensive  - 0:00
Last Minute Defensive  - 0:00
Total
Forward - 60:00
Defense - 60:00

% Time on Ice - BOSTON Bruins

Lines # - Real PCT - Wanted PCT - Time Play
Normal Forward
1 - 36% - 38% - 17:10
2 - 31% - 34% - 15:00
3 - 19% - 20% - 9:21
4 - 14% - 8% - 6:35
Normal Defense
1 - 38% - 43% - 18:19
2 - 37% - 41% - 17:48
3 - 25% - 16% - 11:59
4 - 0% - 0% - 0:00
PP Forward
1 - 41% - 60% - 3:16
2 - 59% - 40% - 4:40
PP Defense
1 - 59% - 60% - 4:41
2 - 41% - 40% - 3:15
PK Forward
1 - 100% - 60% - 3:58
2 - 0% - 40% - 0:00
PK Defense
1 - 56% - 60% - 2:13
2 - 44% - 40% - 1:45
PK3 Forward
1 - 0% - 60%
2 - 0% - 40%
PK3 Defense
1 - 0% - 60%
2 - 0% - 40%
44 Forward
1 - 0% - 60%
2 - 0% - 40%
44 Defense
1 - 0% - 60%
2 - 0% - 40%
Last Minute Offensive  - 0:00
Last Minute Defensive  - 0:00
Total
Forward - 60:00
Defense - 60:00

Play-by-Play

1st period


0:01 of 1st period - Bo Horvat wins face-off versus Chris Kreider in neutral zone.
0:18 of 1st period - Shot by Brad Marchand.
0:18 of 1st period - Shot Misses the Net.
0:23 of 1st period - Off-side.
0:24 of 1st period - Timo Meier wins face-off versus Joel Eriksson Ek in neutral zone.
1:41 of 1st period - Blake Wheeler is hit by Andrew Copp and loses puck.
1:49 of 1st period - Nathan Walker is hit by Jacob Middleton and loses puck.
2:05 of 1st period - Brad Hunt is hit by Jacob Middleton and loses puck.
2:48 of 1st period - Shot by Mats Zuccarello.
2:48 of 1st period - Goal by Mats Zuccarello - NEW YORK Rangers : 1 - BOSTON Bruins : 0.
2:49 of 1st period - Adam Lowry wins face-off versus Casey Cizikas in neutral zone.
2:49 of 1st period - Adam Lowry is hit by Ryan Lomberg.
3:27 of 1st period - Shot by Adam Lowry.
3:27 of 1st period - Shot Misses the Net.
4:16 of 1st period - Minor Penalty to Jamie Benn for Tripping.
4:17 of 1st period - Brayden Schenn wins face-off versus Tomas Hertl in NEW YORK Rangers zone.
4:54 of 1st period - Shot by Kirill Kaprizov.
4:54 of 1st period - Shot Misses the Net.
4:56 of 1st period - Shot by Joel Eriksson Ek.
4:56 of 1st period - Stopped by Linus Ullmark with a rebound.
4:58 of 1st period - Shot by Tomas Hertl.
4:58 of 1st period - Stopped by Linus Ullmark without a rebound.
4:59 of 1st period - Bo Horvat wins face-off versus Vladislav Namestnikov in NEW YORK Rangers zone.
5:10 of 1st period - Shot by Matt Dumba.
5:10 of 1st period - Deflect By Brad Marchand.
5:10 of 1st period - Stopped by Linus Ullmark with a rebound.
5:14 of 1st period - Shot by Adrian Kempe.
5:14 of 1st period - Shot Misses the Net.
7:39 of 1st period - Bo Horvat is hit by Tyler Myers and loses puck.
7:46 of 1st period - Shot by Cam Fowler.
7:46 of 1st period - Stopped by Tristan Jarry without a rebound.
7:47 of 1st period - Casey Cizikas wins face-off versus Joel Eriksson Ek in BOSTON Bruins zone.
7:52 of 1st period - Shot by Casey Cizikas.
7:52 of 1st period - Shot Misses the Net.
8:01 of 1st period - Icing by Victor Hedman.
8:02 of 1st period - Jamie Benn wins face-off versus Joel Eriksson Ek in BOSTON Bruins zone.
8:07 of 1st period - Shot by Chris Kreider.
8:07 of 1st period - Shot Misses the Net.
8:09 of 1st period - Shot by Cam Fowler.
8:09 of 1st period - Stopped by Tristan Jarry with a rebound.
8:17 of 1st period - Shot by Jamie Benn.
8:17 of 1st period - Stopped by Tristan Jarry with a rebound.
8:45 of 1st period - Shot by Chris Kreider.
8:45 of 1st period - Deflect By Jamie Benn.
8:45 of 1st period - Shot Misses the Net.
8:47 of 1st period - Shot by Jamie Benn.
8:47 of 1st period - Goal by Jamie Benn - NEW YORK Rangers : 2 - BOSTON Bruins : 0.
8:48 of 1st period - Brayden Schenn wins face-off versus Brad Marchand in neutral zone.
9:08 of 1st period - Brad Marchand is hit by Justin Faulk and loses puck.
9:16 of 1st period - Brad Marchand is hit by Timo Meier and loses puck.
9:30 of 1st period - Shot by Timo Meier.
9:30 of 1st period - Shot Misses the Net.
9:32 of 1st period - Shot by Conor Garland.
9:32 of 1st period - Stopped by Tristan Jarry without a rebound.
9:33 of 1st period - Tomas Hertl wins face-off versus Andrew Copp in BOSTON Bruins zone.
10:24 of 1st period - Jaycob Megna is hit by Tyler Myers and loses puck.
10:53 of 1st period - Shot by Kirill Kaprizov.
10:53 of 1st period - Shot Blocked by Cam Fowler.
10:55 of 1st period - Shot by Joel Eriksson Ek.
10:55 of 1st period - Stopped by Linus Ullmark with a rebound.
10:57 of 1st period - Shot by Joel Eriksson Ek.
10:57 of 1st period - Deflect By Kirill Kaprizov.
10:57 of 1st period - Shot Misses the Net.
10:59 of 1st period - Shot by Kirill Kaprizov.
10:59 of 1st period - Goal by Kirill Kaprizov - NEW YORK Rangers : 2 - BOSTON Bruins : 1.
11:00 of 1st period - Bo Horvat wins face-off versus Brayden Schenn in neutral zone.
11:00 of 1st period - Bo Horvat is hit by Brayden Schenn.
11:09 of 1st period - Adrian Kempe is hit by Justin Faulk and loses puck.
11:42 of 1st period - Shot by Adrian Kempe.
11:42 of 1st period - Shot Misses the Net.
11:45 of 1st period - Minor Penalty to Jared Spurgeon for Slashing.
11:46 of 1st period - Jamie Benn wins face-off versus Tomas Hertl in NEW YORK Rangers zone.
12:21 of 1st period - Shot by Frank Vatrano.
12:21 of 1st period - Shot Misses the Net.
13:32 of 1st period - Shot by Kirill Kaprizov.
13:32 of 1st period - Shot Misses the Net.
13:34 of 1st period - Shot by Victor Hedman.
13:34 of 1st period - Stopped by Linus Ullmark without a rebound.
13:35 of 1st period - Adrian Kempe wins face-off versus Brayden Schenn in NEW YORK Rangers zone.
13:55 of 1st period - Adam Lowry is hit by Dante Fabbro.
14:08 of 1st period - Dante Fabbro is hit by Jaycob Megna and loses puck.
15:03 of 1st period - Shot by Blake Wheeler.
15:03 of 1st period - Shot Misses the Net.
15:21 of 1st period - Shot by Victor Hedman.
15:21 of 1st period - Shot Blocked by Jared Spurgeon.
15:23 of 1st period - Shot by Shea Theodore.
15:23 of 1st period - Shot Misses the Net.
15:25 of 1st period - Shot by Tomas Hertl.
15:25 of 1st period - Stopped by Linus Ullmark without a rebound.
15:26 of 1st period - Casey Cizikas wins face-off versus Frank Vatrano in NEW YORK Rangers zone.
15:26 of 1st period - Casey Cizikas is hit by Frank Vatrano.
15:41 of 1st period - Shot by Cam Fowler.
15:41 of 1st period - Shot Misses the Net.
16:27 of 1st period - Dante Fabbro is hit by Matt Dumba and loses puck.
16:30 of 1st period - Shot by Chris Kreider.
16:30 of 1st period - Stopped by Tristan Jarry without a rebound.
16:31 of 1st period - Bo Horvat wins face-off versus Brayden Schenn in BOSTON Bruins zone.
16:33 of 1st period - Victor Hedman is hit by Brayden Schenn.
17:04 of 1st period - Brad Marchand is hit by Timo Meier and loses puck.
17:24 of 1st period - Icing by Victor Hedman.
17:25 of 1st period - Jamie Benn wins face-off versus Bo Horvat in BOSTON Bruins zone.
17:25 of 1st period - Jamie Benn is hit by Shea Theodore.
18:35 of 1st period - Shot by Kirill Kaprizov.
18:35 of 1st period - Deflect By Joel Eriksson Ek.
18:35 of 1st period - Shot Misses the Net.
18:37 of 1st period - Shot by Matt Dumba.
18:37 of 1st period - Shot Blocked by Tyler Myers.
18:39 of 1st period - Shot by Frank Vatrano.
18:39 of 1st period - Stopped by Linus Ullmark without a rebound.
18:40 of 1st period - Brayden Schenn wins face-off versus Frank Vatrano in NEW YORK Rangers zone.
18:47 of 1st period - Shot by Brayden Schenn.
18:47 of 1st period - Deflect By Conor Garland.
18:47 of 1st period - Stopped by Tristan Jarry without a rebound.
18:48 of 1st period - Joel Eriksson Ek wins face-off versus Conor Garland in BOSTON Bruins zone.
19:42 of 1st period - Icing by Jared Spurgeon.
19:43 of 1st period - Bo Horvat wins face-off versus Brayden Schenn in NEW YORK Rangers zone.
19:52 of 1st period - Justin Faulk is hit by Bo Horvat and loses puck.
Goals for this period are 2 for NEW YORK Rangers vs 1 for BOSTON Bruins.
Shots for this period are 8 for NEW YORK Rangers vs 8 for BOSTON Bruins.

2nd period


0:01 of 2nd period - Bo Horvat wins face-off versus Jamie Benn in neutral zone.
0:20 of 2nd period - Shot by Chris Kreider.
0:20 of 2nd period - Shot Blocked by Victor Hedman.
0:28 of 2nd period - Jared Spurgeon is hit by Brad Marchand and loses puck.
0:36 of 2nd period - Jared Spurgeon is hit by Brad Marchand and loses puck.
1:34 of 2nd period - Shot by Andrew Copp.
1:34 of 2nd period - Stopped by Tristan Jarry without a rebound.
1:35 of 2nd period - Tomas Hertl wins face-off versus Brayden Schenn in BOSTON Bruins zone.
1:44 of 2nd period - Shot by Tomas Hertl.
1:44 of 2nd period - Deflect By Blake Wheeler.
1:44 of 2nd period - Goal by Blake Wheeler - NEW YORK Rangers : 2 - BOSTON Bruins : 2.
1:45 of 2nd period - Tomas Hertl wins face-off versus Andrew Copp in neutral zone.
1:58 of 2nd period - Icing by Jacob Middleton.
1:59 of 2nd period - Bo Horvat wins face-off versus Kasperi Kapanen in NEW YORK Rangers zone.
2:31 of 2nd period - Brad Marchand is hit by Jacob Middleton and loses puck.
2:36 of 2nd period - Shot by Adrian Kempe.
2:36 of 2nd period - Shot Hit the Post.
2:38 of 2nd period - Shot by Victor Hedman.
2:38 of 2nd period - Goal by Victor Hedman - NEW YORK Rangers : 2 - BOSTON Bruins : 3.
2:39 of 2nd period - Joel Eriksson Ek wins face-off versus Jamie Benn in neutral zone.
2:47 of 2nd period - Off-side.
2:48 of 2nd period - Joel Eriksson Ek wins face-off versus Jamie Benn in neutral zone.
3:50 of 2nd period - Shot by Conor Garland.
3:50 of 2nd period - Goal by Conor Garland - NEW YORK Rangers : 3 - BOSTON Bruins : 3.
3:51 of 2nd period - Brayden Schenn wins face-off versus Tomas Hertl in neutral zone.
3:53 of 2nd period - Justin Faulk is hit by Victor Hedman and loses puck.
4:25 of 2nd period - Minor Penalty to Jared Spurgeon for Holding.
4:26 of 2nd period - Bo Horvat wins face-off versus Jamie Benn in NEW YORK Rangers zone.
4:33 of 2nd period - Shot by Adrian Kempe.
4:33 of 2nd period - Shot Misses the Net.
5:14 of 2nd period - Shot by Brayden Schenn.
5:14 of 2nd period - Stopped by Tristan Jarry without a rebound.
5:15 of 2nd period - Jamie Benn wins face-off versus Tomas Hertl in BOSTON Bruins zone.
5:15 of 2nd period - Jamie Benn is hit by Matt Dumba.
5:59 of 2nd period - Icing by Matt Dumba.
6:00 of 2nd period - Joel Eriksson Ek wins face-off versus Jamie Benn in BOSTON Bruins zone.
6:29 of 2nd period - Shot by Phil Kessel.
6:29 of 2nd period - Stopped by Linus Ullmark without a rebound.
6:30 of 2nd period - Bo Horvat wins face-off versus Kasperi Kapanen in NEW YORK Rangers zone.
6:37 of 2nd period - Shot by Bo Horvat.
6:37 of 2nd period - Shot Blocked by Dante Fabbro.
6:39 of 2nd period - Shot by Adrian Kempe.
6:39 of 2nd period - Shot Misses the Net.
6:41 of 2nd period - Shot by Brad Hunt.
6:41 of 2nd period - Shot Blocked by Jacob Middleton.
6:45 of 2nd period - Shot by Brad Marchand.
6:45 of 2nd period - Shot Misses the Net.
6:53 of 2nd period - Shot by Brad Marchand.
6:53 of 2nd period - Stopped by Linus Ullmark without a rebound.
6:54 of 2nd period - Adam Lowry wins face-off versus Brayden Schenn in NEW YORK Rangers zone.
7:18 of 2nd period - Shot by Conor Garland.
7:18 of 2nd period - Shot Misses the Net.
8:19 of 2nd period - Shot by Mats Zuccarello.
8:19 of 2nd period - Shot Misses the Net.
8:25 of 2nd period - Shot by Chris Kreider.
8:25 of 2nd period - Shot Misses the Net.
8:27 of 2nd period - Shot by Mats Zuccarello.
8:27 of 2nd period - Deflect By Jamie Benn.
8:27 of 2nd period - Shot Misses the Net.
9:07 of 2nd period - Shot by Frank Vatrano.
9:07 of 2nd period - Deflect By Kirill Kaprizov.
9:07 of 2nd period - Shot Misses the Net.
9:09 of 2nd period - Shot by Kirill Kaprizov.
9:09 of 2nd period - Shot Blocked by Dante Fabbro.
9:11 of 2nd period - Shot by Frank Vatrano.
9:11 of 2nd period - Stopped by Linus Ullmark without a rebound.
9:12 of 2nd period - Brayden Schenn wins face-off versus Tomas Hertl in NEW YORK Rangers zone.
9:19 of 2nd period - Icing by Tomas Hertl.
9:20 of 2nd period - Brayden Schenn wins face-off versus Tomas Hertl in BOSTON Bruins zone.
9:23 of 2nd period - Shot by Timo Meier.
9:23 of 2nd period - Shot Misses the Net.
9:25 of 2nd period - Shot by Cam Fowler.
9:25 of 2nd period - Shot Misses the Net.
9:27 of 2nd period - Shot by Conor Garland.
9:27 of 2nd period - Goal by Conor Garland - NEW YORK Rangers : 4 - BOSTON Bruins : 3.
9:28 of 2nd period - Jamie Benn wins face-off versus Bo Horvat in neutral zone.
9:31 of 2nd period - Minor Penalty to Brad Marchand for Hooking.
9:32 of 2nd period - Jamie Benn wins face-off versus Adam Lowry in BOSTON Bruins zone.
9:35 of 2nd period - Shot by Jared Spurgeon.
9:35 of 2nd period - Shot Misses the Net.
9:37 of 2nd period - Shot by Jared Spurgeon.
9:37 of 2nd period - Stopped by Tristan Jarry without a rebound.
9:38 of 2nd period - Adam Lowry wins face-off versus Jamie Benn in BOSTON Bruins zone.
10:16 of 2nd period - Shot by Justin Faulk.
10:16 of 2nd period - Shot Blocked by Victor Hedman.
10:39 of 2nd period - Kasperi Kapanen is hit by Matt Dumba and loses puck.
12:01 of 2nd period - Off-side.
12:02 of 2nd period - Jamie Benn wins face-off versus Joel Eriksson Ek in neutral zone.
12:56 of 2nd period - Off-side.
12:57 of 2nd period - Tomas Hertl wins face-off versus Brayden Schenn in neutral zone.
13:13 of 2nd period - Shot by Brayden Schenn.
13:13 of 2nd period - Stopped by Tristan Jarry without a rebound.
13:14 of 2nd period - Bo Horvat wins face-off versus Andrew Copp in BOSTON Bruins zone.
13:14 of 2nd period - Brad Marchand is hit by Andrew Copp and loses puck.
13:20 of 2nd period - Off-side.
13:21 of 2nd period - Brayden Schenn wins face-off versus Bo Horvat in neutral zone.
13:40 of 2nd period - Shot by Timo Meier.
13:40 of 2nd period - Stopped by Tristan Jarry without a rebound.
13:41 of 2nd period - Joel Eriksson Ek wins face-off versus Andrew Copp in BOSTON Bruins zone.
13:47 of 2nd period - Icing by Jacob Middleton.
13:48 of 2nd period - Andrew Copp wins face-off versus Joel Eriksson Ek in NEW YORK Rangers zone.
13:58 of 2nd period - Shot by Andrew Copp.
13:58 of 2nd period - Stopped by Tristan Jarry without a rebound.
13:59 of 2nd period - Bo Horvat wins face-off versus Jamie Benn in BOSTON Bruins zone.
14:09 of 2nd period - Icing by Justin Faulk.
14:10 of 2nd period - Joel Eriksson Ek wins face-off versus Jamie Benn in NEW YORK Rangers zone.
14:11 of 2nd period - Shot by Kirill Kaprizov.
14:11 of 2nd period - Shot Misses the Net.
14:13 of 2nd period - Shot by Victor Hedman.
14:13 of 2nd period - Shot Blocked by Justin Faulk.
14:21 of 2nd period - Shot by Kirill Kaprizov.
14:21 of 2nd period - Stopped by Linus Ullmark with a rebound.
14:23 of 2nd period - Shot by Shea Theodore.
14:23 of 2nd period - Stopped by Linus Ullmark without a rebound.
14:24 of 2nd period - Bo Horvat wins face-off versus Brayden Schenn in NEW YORK Rangers zone.
14:25 of 2nd period - Shot by Matt Dumba.
14:25 of 2nd period - Stopped by Linus Ullmark without a rebound.
14:26 of 2nd period - Bo Horvat wins face-off versus Jamie Benn in NEW YORK Rangers zone.
14:27 of 2nd period - Shot by Adrian Kempe.
14:27 of 2nd period - Shot Misses the Net.
14:29 of 2nd period - Shot by Bo Horvat.
14:29 of 2nd period - Stopped by Linus Ullmark without a rebound.
14:30 of 2nd period - Jamie Benn wins face-off versus Adrian Kempe in NEW YORK Rangers zone.
14:42 of 2nd period - Shot by Bo Horvat.
14:42 of 2nd period - Stopped by Linus Ullmark with a rebound.
15:38 of 2nd period - Shot by Conor Garland.
15:38 of 2nd period - Stopped by Tristan Jarry without a rebound.
15:39 of 2nd period - Andrew Copp wins face-off versus Joel Eriksson Ek in BOSTON Bruins zone.
17:02 of 2nd period - Off-side.
17:03 of 2nd period - Jamie Benn wins face-off versus Adam Lowry in neutral zone.
17:23 of 2nd period - Icing by Jared Spurgeon.
17:24 of 2nd period - Jamie Benn wins face-off versus Bo Horvat in NEW YORK Rangers zone.
17:24 of 2nd period - Jamie Benn is hit by Brad Marchand.
17:48 of 2nd period - Shot by Bo Horvat.
17:48 of 2nd period - Stopped by Linus Ullmark without a rebound.
17:49 of 2nd period - Tomas Hertl wins face-off versus Timo Meier in NEW YORK Rangers zone.
18:02 of 2nd period - Shot by Nathan Walker.
18:02 of 2nd period - Shot Misses the Net.
18:04 of 2nd period - Shot by Nathan Walker.
18:04 of 2nd period - Shot Misses the Net.
18:50 of 2nd period - Matt Dumba is hit by Tyler Myers.
18:54 of 2nd period - Shot by Kirill Kaprizov.
18:54 of 2nd period - Stopped by Linus Ullmark without a rebound.
18:55 of 2nd period - Bo Horvat wins face-off versus Jamie Benn in NEW YORK Rangers zone.
18:56 of 2nd period - Shot by Brad Marchand.
18:56 of 2nd period - Shot Blocked by Jared Spurgeon.
19:01 of 2nd period - Minor Penalty to Brad Marchand for High sticking.
19:02 of 2nd period - Jamie Benn wins face-off versus Adam Lowry in BOSTON Bruins zone.
19:06 of 2nd period - Andrew Copp is hit by Victor Hedman and loses puck.
19:11 of 2nd period - Shot by Chris Kreider.
19:11 of 2nd period - Stopped by Tristan Jarry without a rebound.
19:12 of 2nd period - Jamie Benn wins face-off versus Adam Lowry in BOSTON Bruins zone.
19:19 of 2nd period - Shot by Justin Faulk.
19:19 of 2nd period - Shot Misses the Net.
19:21 of 2nd period - Shot by Jared Spurgeon.
19:21 of 2nd period - Shot Misses the Net.
19:43 of 2nd period - Shot by Justin Faulk.
19:43 of 2nd period - Shot Misses the Net.
19:45 of 2nd period - Shot by Jared Spurgeon.
19:45 of 2nd period - Shot Misses the Net.
19:49 of 2nd period - Shot by Andrew Copp.
19:49 of 2nd period - Shot Misses the Net.
19:55 of 2nd period - Shot by Jamie Benn.
19:55 of 2nd period - Deflect By Chris Kreider.
19:55 of 2nd period - Stopped by Tristan Jarry without a rebound.
19:56 of 2nd period - Brayden Schenn wins face-off versus Adam Lowry in BOSTON Bruins zone.
Goals for this period are 2 for NEW YORK Rangers vs 2 for BOSTON Bruins.
Shots for this period are 11 for NEW YORK Rangers vs 12 for BOSTON Bruins.

3rd period


0:01 of 3rd period - Jamie Benn wins face-off versus Adam Lowry in neutral zone.
0:20 of 3rd period - Shot by Jamie Benn.
0:20 of 3rd period - Shot Blocked by Nathan Walker.
0:22 of 3rd period - Shot by Jared Spurgeon.
0:22 of 3rd period - Shot Misses the Net.
0:24 of 3rd period - Shot by Jared Spurgeon.
0:24 of 3rd period - Shot Misses the Net.
0:26 of 3rd period - Shot by Justin Faulk.
0:26 of 3rd period - Shot Misses the Net.
0:28 of 3rd period - Shot by Jamie Benn.
0:28 of 3rd period - Shot Misses the Net.
0:44 of 3rd period - Shot by Justin Faulk.
0:44 of 3rd period - Stopped by Tristan Jarry without a rebound.
0:45 of 3rd period - Brayden Schenn wins face-off versus Adam Lowry in BOSTON Bruins zone.
1:11 of 3rd period - Shot by Vladislav Namestnikov.
1:11 of 3rd period - Stopped by Tristan Jarry without a rebound.
1:12 of 3rd period - Brayden Schenn wins face-off versus Joel Eriksson Ek in BOSTON Bruins zone.
1:55 of 3rd period - Icing by Conor Garland.
1:56 of 3rd period - Brayden Schenn wins face-off versus Bo Horvat in NEW YORK Rangers zone.
1:56 of 3rd period - Brayden Schenn is hit by Brad Marchand.
2:11 of 3rd period - Icing by Cam Fowler.
2:12 of 3rd period - Brayden Schenn wins face-off versus Tomas Hertl in NEW YORK Rangers zone.
2:40 of 3rd period - Nathan Walker is hit by Mats Zuccarello and loses puck.
3:12 of 3rd period - Jared Spurgeon is hit by Andrew Peeke.
3:26 of 3rd period - Shot by Brad Marchand.
3:26 of 3rd period - Shot Misses the Net.
3:32 of 3rd period - Shot by Andrew Copp.
3:32 of 3rd period - Stopped by Tristan Jarry without a rebound.
3:33 of 3rd period - Casey Cizikas wins face-off versus Joel Eriksson Ek in BOSTON Bruins zone.
3:44 of 3rd period - Shot by Frank Vatrano.
3:44 of 3rd period - Shot Misses the Net.
3:46 of 3rd period - Shot by Frank Vatrano.
3:46 of 3rd period - Shot Misses the Net.
3:48 of 3rd period - Shot by Shea Theodore.
3:48 of 3rd period - Shot Misses the Net.
3:53 of 3rd period - Icing by Dante Fabbro.
3:54 of 3rd period - Casey Cizikas wins face-off versus Adam Lowry in NEW YORK Rangers zone.
4:03 of 3rd period - Shot by Dante Fabbro.
4:03 of 3rd period - Stopped by Tristan Jarry without a rebound.
4:04 of 3rd period - Jamie Benn wins face-off versus Bo Horvat in BOSTON Bruins zone.
4:42 of 3rd period - Shot by Brad Marchand.
4:42 of 3rd period - Shot Misses the Net.
4:44 of 3rd period - Shot by Adrian Kempe.
4:44 of 3rd period - Stopped by Linus Ullmark with a rebound.
4:48 of 3rd period - Shot by Bo Horvat.
4:48 of 3rd period - Stopped by Linus Ullmark with a rebound.
4:50 of 3rd period - Shot by Shea Theodore.
4:50 of 3rd period - Stopped by Linus Ullmark with a rebound.
5:23 of 3rd period - Shot by Kirill Kaprizov.
5:23 of 3rd period - Shot Misses the Net.
5:27 of 3rd period - Shot by Joel Eriksson Ek.
5:27 of 3rd period - Stopped by Linus Ullmark without a rebound.
5:28 of 3rd period - Brayden Schenn wins face-off versus Tomas Hertl in NEW YORK Rangers zone.
5:30 of 3rd period - Timo Meier is hit by Tomas Hertl and loses puck.
5:45 of 3rd period - Nathan Walker is hit by Brayden Schenn and loses puck.
5:52 of 3rd period - Brayden Schenn is hit by Blake Wheeler and loses puck.
6:02 of 3rd period - Off-side.
6:03 of 3rd period - Joel Eriksson Ek wins face-off versus Andrew Copp in neutral zone.
6:07 of 3rd period - Shea Theodore is hit by Tyler Myers and loses puck.
6:10 of 3rd period - Shot by Frank Vatrano.
6:10 of 3rd period - Goal by Frank Vatrano - NEW YORK Rangers : 4 - BOSTON Bruins : 4.
6:11 of 3rd period - Andrew Copp wins face-off versus Bo Horvat in neutral zone.
6:35 of 3rd period - Off-side.
6:36 of 3rd period - Joel Eriksson Ek wins face-off versus Jamie Benn in neutral zone.
6:42 of 3rd period - Icing by Tyler Myers.
6:43 of 3rd period - Joel Eriksson Ek wins face-off versus Jamie Benn in NEW YORK Rangers zone.
6:49 of 3rd period - Off-side.
6:50 of 3rd period - Jamie Benn wins face-off versus Joel Eriksson Ek in neutral zone.
6:50 of 3rd period - Jamie Benn is hit by Frank Vatrano.
6:54 of 3rd period - Shot by Justin Faulk.
6:54 of 3rd period - Stopped by Tristan Jarry without a rebound.
6:55 of 3rd period - Jamie Benn wins face-off versus Bo Horvat in BOSTON Bruins zone.
7:16 of 3rd period - Brad Marchand is hit by Jamie Benn and loses puck.
7:37 of 3rd period - Shot by Andrew Peeke.
7:37 of 3rd period - Stopped by Linus Ullmark without a rebound.
7:38 of 3rd period - Andrew Copp wins face-off versus Joel Eriksson Ek in NEW YORK Rangers zone.
8:05 of 3rd period - Shot by Kirill Marchenko.
8:05 of 3rd period - Stopped by Tristan Jarry without a rebound.
8:06 of 3rd period - Tomas Hertl wins face-off versus Brayden Schenn in BOSTON Bruins zone.
8:06 of 3rd period - Tomas Hertl is hit by Brayden Schenn.
8:14 of 3rd period - Shot by Blake Wheeler.
8:14 of 3rd period - Stopped by Linus Ullmark without a rebound.
8:15 of 3rd period - Jamie Benn wins face-off versus Bo Horvat in NEW YORK Rangers zone.
8:15 of 3rd period - Jamie Benn is hit by Adrian Kempe.
8:59 of 3rd period - Shot by Jamie Benn.
8:59 of 3rd period - Shot Misses the Net.
9:22 of 3rd period - Minor Penalty to Conor Garland for Hooking.
9:23 of 3rd period - Jamie Benn wins face-off versus Tomas Hertl in NEW YORK Rangers zone.
9:34 of 3rd period - Shot by Kirill Kaprizov.
9:34 of 3rd period - Shot Misses the Net.
9:36 of 3rd period - Shot by Frank Vatrano.
9:36 of 3rd period - Shot Misses the Net.
9:44 of 3rd period - Shot by Victor Hedman.
9:44 of 3rd period - Shot Blocked by Tyler Myers.
9:46 of 3rd period - Shot by Victor Hedman.
9:46 of 3rd period - Stopped by Linus Ullmark without a rebound.
9:47 of 3rd period - Tomas Hertl wins face-off versus Brayden Schenn in NEW YORK Rangers zone.
10:00 of 3rd period - Shot by Tomas Hertl.
10:00 of 3rd period - Shot Misses the Net.
10:32 of 3rd period - Shot by Brad Marchand.
10:32 of 3rd period - Stopped by Linus Ullmark without a rebound.
10:33 of 3rd period - Bo Horvat wins face-off versus Brayden Schenn in NEW YORK Rangers zone.
10:48 of 3rd period - Shot by Adrian Kempe.
10:48 of 3rd period - Deflect By Bo Horvat.
10:48 of 3rd period - Shot Misses the Net.
10:50 of 3rd period - Shot by Brad Marchand.
10:50 of 3rd period - Stopped by Linus Ullmark without a rebound.
10:51 of 3rd period - Jamie Benn wins face-off versus Tomas Hertl in NEW YORK Rangers zone.
11:10 of 3rd period - Shot by Tomas Hertl.
11:10 of 3rd period - Stopped by Linus Ullmark without a rebound.
11:11 of 3rd period - Bo Horvat wins face-off versus Brayden Schenn in NEW YORK Rangers zone.
11:15 of 3rd period - Shot by Bo Horvat.
11:15 of 3rd period - Stopped by Linus Ullmark without a rebound.
11:16 of 3rd period - Brayden Schenn wins face-off versus Bo Horvat in NEW YORK Rangers zone.
11:44 of 3rd period - Jacob Middleton is hit by Michael Pezzetta and loses puck.
12:05 of 3rd period - Brad Hunt is hit by Ryan Lomberg and loses puck.
12:13 of 3rd period - Icing by Jaycob Megna.
12:14 of 3rd period - Jamie Benn wins face-off versus Adam Lowry in BOSTON Bruins zone.
12:16 of 3rd period - Chris Kreider is hit by Jaycob Megna and loses puck.
12:56 of 3rd period - Shot by Joel Eriksson Ek.
12:56 of 3rd period - Shot Misses the Net.
12:58 of 3rd period - Shot by Frank Vatrano.
12:58 of 3rd period - Stopped by Linus Ullmark without a rebound.
12:59 of 3rd period - Brayden Schenn wins face-off versus Adrian Kempe in NEW YORK Rangers zone.
13:06 of 3rd period - Shot by Bo Horvat.
13:06 of 3rd period - Shot Blocked by Cam Fowler.
13:12 of 3rd period - Shot by Brad Marchand.
13:12 of 3rd period - Shot Misses the Net.
14:50 of 3rd period - Off-side.
14:51 of 3rd period - Jamie Benn wins face-off versus Tomas Hertl in neutral zone.
14:56 of 3rd period - Shot by Chris Kreider.
14:56 of 3rd period - Shot Misses the Net.
14:58 of 3rd period - Shot by Jared Spurgeon.
14:58 of 3rd period - Shot Blocked by Jaycob Megna.
15:00 of 3rd period - Shot by Jared Spurgeon.
15:00 of 3rd period - Shot Misses the Net.
15:02 of 3rd period - Shot by Jamie Benn.
15:02 of 3rd period - Shot Blocked by Brad Hunt.
15:13 of 3rd period - Mats Zuccarello is hit by Jaycob Megna and loses puck.
15:20 of 3rd period - Shot by Jamie Benn.
15:20 of 3rd period - Shot Misses the Net.
15:28 of 3rd period - Shot by Jamie Benn.
15:28 of 3rd period - Stopped by Tristan Jarry without a rebound.
15:29 of 3rd period - Bo Horvat wins face-off versus Brayden Schenn in BOSTON Bruins zone.
17:19 of 3rd period - Mats Zuccarello is hit by Joel Eriksson Ek and loses puck.
17:28 of 3rd period - Shot by Kirill Kaprizov.
17:28 of 3rd period - Stopped by Linus Ullmark with a rebound.
17:30 of 3rd period - Shot by Kirill Kaprizov.
17:30 of 3rd period - Shot Misses the Net.
17:32 of 3rd period - Shot by Joel Eriksson Ek.
17:32 of 3rd period - Stopped by Linus Ullmark without a rebound.
17:33 of 3rd period - Tomas Hertl wins face-off versus Andrew Copp in NEW YORK Rangers zone.
17:40 of 3rd period - Shot by Blake Wheeler.
17:40 of 3rd period - Shot Blocked by Jacob Middleton.
17:42 of 3rd period - Shot by Blake Wheeler.
17:42 of 3rd period - Shot Misses the Net.
17:44 of 3rd period - Shot by Andrew Peeke.
17:44 of 3rd period - Shot Hit the Post.
17:46 of 3rd period - Shot by Nathan Walker.
17:46 of 3rd period - Shot Misses the Net.
18:23 of 3rd period - Icing by Andrew Copp.
18:24 of 3rd period - Joel Eriksson Ek wins face-off versus Andrew Copp in NEW YORK Rangers zone.
18:27 of 3rd period - Shot by Kirill Kaprizov.
18:27 of 3rd period - Deflect By Joel Eriksson Ek.
18:27 of 3rd period - Shot Misses the Net.
18:29 of 3rd period - Shot by Victor Hedman.
18:29 of 3rd period - Stopped by Linus Ullmark without a rebound.
18:30 of 3rd period - Jamie Benn wins face-off versus Joel Eriksson Ek in NEW YORK Rangers zone.
18:47 of 3rd period - Shot by Chris Kreider.
18:47 of 3rd period - Stopped by Tristan Jarry without a rebound.
18:48 of 3rd period - Brayden Schenn wins face-off versus Adrian Kempe in BOSTON Bruins zone.
18:55 of 3rd period - Shot by Conor Garland.
18:55 of 3rd period - Stopped by Tristan Jarry without a rebound.
18:56 of 3rd period - Jamie Benn wins face-off versus Joel Eriksson Ek in BOSTON Bruins zone.
18:56 of 3rd period - Jamie Benn is hit by Victor Hedman.
19:15 of 3rd period - Icing by Victor Hedman.
19:16 of 3rd period - Andrew Copp wins face-off versus Kirill Kaprizov in BOSTON Bruins zone.
19:30 of 3rd period - Kasperi Kapanen is hit by Victor Hedman and loses puck.
19:41 of 3rd period - Shot by Tyler Myers.
19:41 of 3rd period - Stopped by Tristan Jarry without a rebound.
19:42 of 3rd period - Bo Horvat wins face-off versus Jamie Benn in BOSTON Bruins zone.
19:42 of 3rd period - Bo Horvat is hit by Jamie Benn.
Goals for this period are 0 for NEW YORK Rangers vs 1 for BOSTON Bruins.
Shots for this period are 10 for NEW YORK Rangers vs 16 for BOSTON Bruins.

Overtime #1


0:01 of 1st overtime period - Chris Kreider wins face-off versus Tomas Hertl in neutral zone.
1:18 of 1st overtime period - Shot by Frank Vatrano.
1:18 of 1st overtime period - Deflect By Adam Lowry.
1:18 of 1st overtime period - Shot Misses the Net.
3:22 of 1st overtime period - Shot by Brayden Schenn.
3:22 of 1st overtime period - Stopped by Tristan Jarry without a rebound.
3:23 of 1st overtime period - Chris Kreider wins face-off versus Tomas Hertl in BOSTON Bruins zone.
3:30 of 1st overtime period - Shot by Brad Marchand.
3:30 of 1st overtime period - Shot Misses the Net.
4:11 of 1st overtime period - Shot by Jamie Benn.
4:11 of 1st overtime period - Stopped by Tristan Jarry without a rebound.
4:12 of 1st overtime period - Adam Lowry wins face-off versus Jamie Benn in BOSTON Bruins zone.
4:25 of 1st overtime period - Shot by Nathan Walker.
4:25 of 1st overtime period - Shot Misses the Net.
4:33 of 1st overtime period - Shot by Adam Lowry.
4:33 of 1st overtime period - Stopped by Linus Ullmark with a rebound.
4:35 of 1st overtime period - Shot by Andrew Peeke.
4:35 of 1st overtime period - Shot Misses the Net.
Goals for this period are 0 for NEW YORK Rangers vs 0 for BOSTON Bruins.
Shots for this period are 2 for NEW YORK Rangers vs 1 for BOSTON Bruins.

ShootOut


5:00 of 1st overtime period - Round #1.
5:00 of 1st overtime period - NEW YORK Rangers, Jamie Benn.
5:00 of 1st overtime period - Stopped by Tristan Jarry.
5:00 of 1st overtime period - BOSTON Bruins, Bo Horvat.
5:00 of 1st overtime period - Stopped by Linus Ullmark.
5:00 of 1st overtime period - Round #2.
5:00 of 1st overtime period - NEW YORK Rangers, Chris Kreider.
5:00 of 1st overtime period - Stopped by Tristan Jarry.
5:00 of 1st overtime period - BOSTON Bruins, Adrian Kempe.
5:00 of 1st overtime period - Shot Misses the Net.
5:00 of 1st overtime period - Round #3.
5:00 of 1st overtime period - NEW YORK Rangers, Timo Meier.
5:00 of 1st overtime period - Stopped by Tristan Jarry.
5:00 of 1st overtime period - BOSTON Bruins, Kirill Kaprizov.
5:00 of 1st overtime period - Shot Misses the Net.
5:00 of 1st overtime period - Round #4.
5:00 of 1st overtime period - NEW YORK Rangers, Mats Zuccarello.
5:00 of 1st overtime period - Shot Misses the Net.
5:00 of 1st overtime period - BOSTON Bruins, Tomas Hertl.
5:00 of 1st overtime period - Goal by Tomas Hertl. Output by the SimonT Hockey Simulator (STHS) for Martin Benoit - Original Page W3C HTML5 Valid
Hockey Simulator - Hockey Simulation - Hockey Manager